 Dungeon Crawl Stone Soup version 0.30.1-3-gfc49f6343a (webtiles) character file.

Game seed: 14848354589983968445

6513 Heoruswealwe the Eclecticist (level 10, -1/50 HPs)
             Began as a Deep Elf Conjurer on Aug 4, 2023.
             Was a Follower of Vehumet.
             Slain by a shadow (15 damage)
             ... on level 10 of the Dungeon.
             The game lasted 01:32:49 (8762 turns).

Heoruswealwe the Eclecticist (Deep Elf Conjurer)    Turns: 8762, Time: 01:32:49

Health: -1/50      AC:  5    Str:  4    XL:     10   Next: 69%
Magic:  12/31      EV: 18    Int: 28    God:    Vehumet [*.....]
Gold:   105        SH:  5    Dex: 19    Spells: 1/39 levels left

rFire   . . .        b - +0 war axe
rCold   . . .        (no shield)
rNeg    . . .        c - +0 robe
rPois   .            g - +0 helmet
rElec   .            h - +0 cloak
rCorr   .            f - +0 pair of gloves
SInv    .            (no boots)
Will    +....        i - amulet of reflection
Stlth   ++           k - +5 ring of evasion
HPRegen 0.28/turn    j - +6 ring of dexterity
MPRegen 0.22/turn

%: reflection
@: no status effects
A: no striking features
a: Renounce Religion


You were on level 10 of the Dungeon.
You worshipped Vehumet.
Vehumet was aware of your devotion.
You visited 2 branches of the dungeon, and saw 11 of its levels.

You collected 504 gold pieces.
You spent 399 gold pieces at shops.

Inventory:

Hand Weapons
 b - a +0 war axe (weapon)
Armour
 c - a +0 robe (worn)
 f - a +0 pair of gloves (worn)
 g - a +0 helmet (worn)
 h - a +0 cloak (worn)
 N - the +0 scale mail of the Stonemason {rPois Str+5 Int-3}
   (You found it on level 5 of the Dungeon)

   Str:       It affects your strength (+5).
   Int:       It affects your intelligence (-3).
   rPois:     It protects you from poison.
Magical Staves
 r - a staff of poison
Jewellery
 i - an amulet of reflection (around neck)
 j - a +6 ring of dexterity (right hand)
 k - a +5 ring of evasion (left hand)
 A - the Hermit's Pendant {Faith Invo=14 Evo=0 MP+5}
   (You found it on level 8 of the Dungeon)

   [amulet of faith]

   Invo=14: It sets your Invocations skill to 14.
   Evo=0: It sets your Evocations skill to 0.
   It allows you to gain divine favour quickly.
   MP:        It affects your magic capacity (+5).
Wands
 m - a wand of flame (19)
 p - a wand of quicksilver (5)
 t - a wand of charming (10)
 y - a wand of digging (6)
 I - a wand of iceblast (4)
 L - a wand of polymorph (7)
Scrolls
 d - 2 scrolls of fog
 e - 5 scrolls of poison
 o - 6 scrolls of teleportation
 s - 2 scrolls of amnesia
 w - 2 scrolls of fear
 B - 3 scrolls of magic mapping
 C - 2 scrolls of enchant weapon {unknown}
 F - a scroll of noise {unknown}
 G - 3 scrolls of blinking {unknown}
 H - 2 scrolls of acquirement {unknown}
Potions
 a - 2 potions of flight {unknown}
 l - 4 potions of invisibility {unknown}
 n - a potion of heal wounds {unknown}
 q - 3 potions of might {unknown}
 u - a potion of magic
 v - 7 potions of curing
 x - 3 potions of haste {unknown}
 z - 3 potions of brilliance {unknown}
 D - 3 potions of attraction {unknown}
 E - 2 potions of berserk rage {unknown}
 J - a potion of lignification {unknown}
 K - a potion of degeneration {unknown}
 P - 5 potions of resistance {unknown}


   Skills:
 - Level 2.4 Dodging
 - Level 2.4 Stealth
 + Level 15.0 Spellcasting
 + Level 13.2 Conjurations


You had one spell level left.
You knew the following spells:

 Your Spells              Type           Power      Damage    Failure   Level
a - Magic Dart            Conj           100%       1d8       0%          1
b - Foxfire               Conj/Fire      100%       2x1d9     1%          1
c - Searing Ray           Conj           100%       2d8       0%          2
d - Dazzling Flash        Conj/Hex       100%       N/A       1%          3
e - Iskenderun's Mystic   Conj/Tloc      55%        2d12      1%          4
f - Flame Wave            Conj/Fire      55%        2d13      1%          4
g - Fulminant Prism       Conj/Hex       27%        3d14      1%          4
h - Fireball              Conj/Fire      27%        3d12      4%          5
i - Arcjolt               Conj/Air       27%        1d37      4%          5
j - Orb of Destruction    Conj           38%        9d11      9%          7
z - Passwall              Tmut/Erth      17%        N/A       3%          2

Your spell library contained the following spells:

 Spells                   Type           Power      Damage    Failure   Level
 Ensorcelled Hibernation  Hex/Ice        42%        N/A       3%          2
 Scorch                   Fire           42%        2d6       3%          2
 Gell's Gravitas          Tloc           21%        N/A       7%          3
 Spider Form              Tmut/Pois      21%        N/A       7%          3
 Summon Guardian Golem    Hex/Summ       21%        N/A       7%          3
 Swiftness                Air            21%        N/A       7%          3
 Teleport Other           Tloc           21%        N/A       7%          3
 Anguish                  Hex/Necr       10%        N/A       24%         4
 Spellforged Servitor     Conj/Summ      27%        N/A       80%         7
 Dispersal                Tloc           10%        N/A       98%         6
 Summon Cactus Giant      Summ           10%        N/A       98%         6


Dungeon Overview and Level Annotations

Branches:
Dungeon (10/15)            Temple (1/1) D:5            Lair (0/5) D:9
    Orc: D:9-12

Altars:
Ashenzari
Cheibriados
Dithmenos
Elyvilon
Fedhas
Gozag
Hepliaklqana
Kikubaaqudgha
Nemelex Xobeh
Okawaru
Qazlal
Ru
Sif Muna
Uskayaw
Vehumet
Wu Jian
Xom
Yredelemnul
Zin
The Shining One

Shops:
D:1 (   D:4 :   D:5 :*


Message History

You hear a bellow!
The shadow closely misses you.
Casting: Iskenderun's Mystic Blast (dangerous; 1% risk of failure)
Confirm with . or Enter, or press ? or * to list all spells.
You erupt in a blast of force!
The mystic blast hits the shadow.
The shadow is heavily damaged.
The shadow is knocked back by the mystic blast.
The mystic blast hits the troll.
The troll is lightly wounded.
The troll is knocked back by the mystic blast.
You hear a bellow!
The shadow slips into darkness.
The shadow flickers and vanishes!
Deactivating autopickup; reactivate with Ctrl-A.
Casting: Iskenderun's Mystic Blast (dangerous; 1% risk of failure)
Confirm with . or Enter, or press ? or * to list all spells.
You erupt in a blast of force!
The mystic blast hits something.
The mystic blast hits the troll!
The troll is heavily wounded.
You hear a bellow!
The troll misses you. The troll completely misses you. The troll claws you!
* * * LOW HITPOINT WARNING * * *
Casting: Iskenderun's Mystic Blast (dangerous; 1% risk of failure)
Confirm with . or Enter, or press ? or * to list all spells.
You erupt in a blast of force!
The mystic blast hits the troll!
The troll is severely wounded.
You hear a bellow!
You block the troll's attack. x2; The troll claws you but does no damage.
Casting: Iskenderun's Mystic Blast (dangerous; 1% risk of failure)
Confirm with . or Enter, or press ? or * to list all spells.
You erupt in a blast of force!
The mystic blast hits the troll.
The troll is severely wounded.
The troll is knocked back by the mystic blast.
The troll slams into the rock wall!
You kill the troll!
Vehumet accepts your kill.
Your Spellcasting skill increases to level 15!
You start resting.
The shadow strikes at you from the darkness!
You die...

#.###............≈≈≈≈≈≈≈....
#............≈......≈≈≈≈
##...........≈.#####....
##...........≈.# ####
#............≈.#
#............≈$#
#............≈.#
#..........#≈.#.
#......@..?.≈.#
##........#.≈.#
##......###≈.# ######.# ≈.#
#.# # #.# #.# #.#


There were no monsters in sight!

Vanquished Creatures
  A centaur warrior (D:9)
  A two-headed ogre (D:8)
  Pikel (D:4)
  A hornet (D:8)
  2 trolls
  A slime creature (D:9)
  A wyvern (D:9)
  5 yaks (D:9)
  2 water moccasins
  An ice beast (D:6)
  2 orc warriors
  4 sky beasts
  An ogre (D:4)
  3 centaurs
  A phantom (D:6)
  2 lemures (D:4)
  A kobold brigand (D:7)
  2 bullfrogs
  4 scorpions
  11 wights
  An electric eel (D:9)
  A howler monkey (D:7)
  6 orc priests
  4 jellies
  4 hounds
  8 orc wizards
  5 iguanas
  A killer bee simulacrum (D:8)
  7 adders
  2 gnolls (D:6)
  A white imp (D:5)
  An ufetubus (D:7)
  3 worms
  2 dart slugs
  17 orcs
  5 ball pythons
  7 endoplasms
  4 giant cockroaches
  4 goblins
  10 hobgoblins
  4 jackals (D:2)
  7 quokkas
  6 bats
  3 frilled lizards
  9 kobolds
  11 rats
180 creatures vanquished.

Vanquished Creatures (others)
  2 fulminant prisms (D:9)
2 creatures vanquished.

Grand Total: 182 creatures vanquished

Notes
Turn   | Place    | Note
-------+----------+-------------------------------------------
     0 | D:1      | Heoruswealwe the Deep Elf Conjurer began the quest for the
                  | Orb.
     0 | D:1      | Reached XP level 1. HP: 10/10 MP: 6/6
   177 | D:1      | Reached XP level 2. HP: 15/15 MP: 1/8
   180 | D:1      | Learned a level 2 spell: Searing Ray
   305 | D:1      | Found Tairowan's Weapon Shoppe.
   618 | D:2      | Reached skill level 4 in Spellcasting
   750 | D:2      | Reached skill level 5 in Conjurations
   750 | D:2      | Reached XP level 3. HP: 19/19 MP: 8/10
   754 | D:2      | Learned a level 3 spell: Dazzling Flash
  1266 | D:3      | Reached XP level 4. HP: 24/24 MP: 1/12
  1271 | D:3      | Learned a level 4 spell: Fulminant Prism
  1527 | D:3      | Found a faded altar of an unknown god.
  1537 | D:3      | Reached skill level 5 in Spellcasting
  2032 | D:4      | Found Zoxtieva's Tiny Tomes.
  2056 | D:4      | Noticed a lemure
  2057 | D:4      | Noticed a lemure
  2058 | D:4      | Noticed Pikel
  2062 | D:4      | Noticed a lemure
  2063 | D:4      | Killed a lemure
  2063 | D:4      | Noticed a lemure
  2067 | D:4      | Killed a lemure
  2068 | D:4      | Killed Pikel
  2069 | D:4      | Reached skill level 7 in Spellcasting
  2069 | D:4      | Reached XP level 5. HP: 28/28 MP: 2/17
  2069 | D:4      | Reached XP level 6. HP: 32/32 MP: 2/18
  2069 | D:4      | Reached XP level 7. HP: 36/36 MP: 2/20
  2086 | D:4      | Learned a level 4 spell: Iskenderun's Mystic Blast
  2163 | D:4      | Bought Sif Muna's Folio of the Salamander for 120 gold
                  | pieces
  2171 | D:4      | Learned a level 5 spell: Fireball
  2380 | D:4      | Reached skill level 8 in Spellcasting
  3055 | D:5      | Entered Level 5 of the Dungeon
  3067 | D:5      | Reached skill level 9 in Spellcasting
  3197 | D:5      | Reached XP level 8. HP: 41/41 MP: 18/23
  3403 | D:5      | Found Ugefief's Tremendous Tomes.
  3434 | D:5      | Reached skill level 10 in Spellcasting
  3479 | D:5      | Found Coruel's Assorted Antiques.
  3496 | D:5      | Bought a metallic purple potion for 24 gold pieces
  3500 | D:5      | Found a staircase to the Ecumenical Temple.
  3505 | D:5      | Identified the +0 scale mail of the Stonemason {rPois Str+5
                  | Int-3}
  3670 | Temple   | Entered the Ecumenical Temple
  3821 | Temple   | Became a worshipper of Vehumet
  4594 | D:6      | Reached skill level 11 in Spellcasting
  4594 | D:6      | Reached skill level 10 in Conjurations
  5258 | D:6      | Reached XP level 9. HP: 45/45 MP: 20/26
  5409 | D:5      | Bought a blackened marble ring for 135 gold pieces
  5958 | D:7      | Reached skill level 12 in Spellcasting
  6210 | D:7      | Learned a level 2 spell: Passwall
  6618 | D:8      | Learned a level 4 spell: Flame Wave
  6884 | D:8      | Found a faded altar of an unknown god.
  6884 | D:8      | Found the Hermit's Pendant {Faith Invo=14 Evo=0 MP+5}
  6922 | D:8      | Noticed a two-headed ogre
  6932 | D:8      | Killed a two-headed ogre
  6933 | D:8      | Reached skill level 13 in Spellcasting
  6957 | D:8      | Reached * piety under Vehumet
  6957 | D:8      | Offered knowledge of Foxfire by Vehumet.
  6960 | D:8      | Learned a level 1 spell: Foxfire
  7333 | D:8      | Reached XP level 10. HP: 50/50 MP: 24/29
  7495 | D:4      | Bought the Anthology of Percussion for 120 gold pieces
  7503 | D:4      | Learned a level 5 spell: Arcjolt
  7951 | D:9      | Found a staircase to the Lair.
  8166 | D:9      | Noticed a centaur warrior
  8175 | D:9      | Killed a centaur warrior
  8176 | D:9      | Reached skill level 14 in Spellcasting
  8626 | D:9      | Learned a level 7 spell: Orb of Destruction
  8709 | D:10     | Entered Level 10 of the Dungeon
  8761 | D:10     | Reached skill level 15 in Spellcasting
  8762 | D:10     | Slain by a shadow

Illustrated notes

Levels and vault maps discovered:
D:1:      minmay_arrival_checkered_box, layout_basic, serial_shops,
          nicolae_shop_tiny_real_fake_doors
D:2:      layout_basic
D:3:      layout_loops_ring, hellmonk_ecumenical_altar_pennies_from_heaven,
          minmay_fractal_squares_gapless_5
D:4:      layout_basic, nicolae_shop_i_like_small_books_too, fountainhead,
          eino_tiny_chamber, uniq_pikel
D:5:      layout_basic, minmay_temple_entry_statues_pillars, serial_shops, shop,
          nicolae_shop_i_like_big_books
D:6:      layout_layer_cave, sigmund_army
D:7:      layout_basic
D:8:      layout_loops_ring, hellmonk_guarded_unrand_hermit
D:9:      kennysheep_big_flooded_room, layout_basic, dpeg_oklobed_lair
D:10:     minmay_sliced_demisemicircle, layout_rooms, nicolae_overflow_squiral
Temple:   nicolae_temple_slightly_damp_pantheon

Skill      XL: |  1  2  3  4  5  6  7  8  9 10 |
---------------+-------------------------------+-----
Spellcasting   | 4 7 9 11 13 15 | 15.0
Conjurations   | 5 7 8 10 11 13 | 13.2
Dodging        | |  2.4
Stealth        | |  2.4

Action                     |  1- 3 |  4- 6 |  7- 9 | 10-12 || total
---------------------------+-------+-------+-------+-------++-------
  Melee: Unarmed           |     7 |       |     2 |       ||     9
         War axe           |       |       |       |     5 ||     5
   Cast: Magic Dart        |    90 |    45 |   152 |    20 ||   307
         Searing Ray       |     1 |     2 |    30 |     3 ||    36
         Iskenderun's Myst |       |       |    28 |    23 ||    51
         Fireball          |       |       |       |     4 ||     4
         Fulminant Prism   |       |       |       |     2 ||     2
    Use: Scroll            |       |       |     7 |     1 ||     8
         Potion            |       |       |       |     3 ||     3
 Armour: Robe              |     2 |     2 |     9 |     3 ||    16
  Dodge: Dodged            |     7 |    13 |    59 |    24 ||   103
  Block: Other             |       |       |     2 |     7 ||     9
         Reflection        |       |       |       |     3 ||     3
